 Dungeon Sprint DCSS version 0.28.0-53-g5a82cb258f (webtiles) character file.

Game seed: 1770864786681989579

4184 Zeld the Eclecticist (level 10, -2/50 HPs)
             Began as a Deep Elf Conjurer on May 30, 2022.
             Was a High Priest of Sif Muna.
             Slain by a spriggan
             ... wielding a +0 dagger
              (8 damage)
             ... in the Dungeon (Sprint IV: "Fedhas' Mad Dash").
             The game lasted 00:03:49 (3665 turns).

Zeld the Eclecticist (Deep Elf Conjurer)            Turns: 3665, Time: 00:03:49

Health: -2/50      AC: -3    Str:  4    XL:     10   Next: 8%
Magic:  35/36      EV: 12    Int: 28    God:    Sif Muna [*****.]
Gold:   104        SH:  0    Dex: 13    Spells: 28/49 levels left

rFire   . . .      SeeInvis .   (no weapon)
rCold   . . .      Faith    .   (no shield)
rNeg    . . .      Spirit   .   a - +0 robe
rPois   .          Reflect  .   (no helmet)
rElec   .          Harm     .   (no cloak)
rCorr   .          Rampage  +   (no gloves)
Will    +....      NoTele   +   l - +2 pair of boots {rampage}
Stlth   ++++......              h - amulet of invisibility {+Inv}
HPRegen 0.16/turn               (no ring)
MPRegen 0.25/turn               (no ring)

@: corroded, very slightly contaminated, invisible
A: no striking features
a: Renounce Religion, Evoke Invisibility, Channel Magic, Forget Spell, Divine
Exegesis


You were in the Dungeon.
You worshipped Sif Muna.
Sif Muna was extremely pleased with you.
You visited 1 branch You collected 237 gold pieces.
You spent 133 gold pieces at shops.

Inventory:

Armour
 a - a +0 robe (worn)
 l - a +2 pair of boots of rampaging (worn)
Jewellery
 h - the amulet of invisibility (around neck) {+Inv}
   (You found it in the Dungeon)

   [amulet of nothing]

   +Inv:      It lets you turn invisible.
Scrolls
 g - a scroll of blinking
 i - a scroll of identify {unknown}
 j - a scroll of summoning
Potions
 b - a potion of curing
 c - a potion of heal wounds
 d - a potion of haste
 e - 3 potions of magic
 f - a potion of berserk rage
 k - a potion of mutation {unknown}
Miscellaneous
 m - a phantom mirror


   Skills:
 - Level 2.4 Dodging
 - Level 8.0 Stealth
 * Level 20.2 Spellcasting
 * Level 17.3 Conjurations
 - Level 2.0 Hexes
 - Level 2.0 Translocations
 + Level 5.6 Invocations


You had 28 spell levels left.
You knew the following spells:

 Your Spells              Type           Power      Damage    Failure   Level
a - Magic Dart            Conj           100%       1d8       0%          1
b - Searing Ray           Conj           100%       2d8       0%          2
c - Fulminant Prism       Conj/Hex       35%        3d18      1%          4
d - Iskenderun's Mystic   Conj/Tloc      70%        2d14      1%          4
y - Orb of Destruction    Conj           45%        9d12      1%          7
z - Dazzling Flash        Conj/Hex       100%       N/A       1%          3

Your spell library contained the following spells:

 Spells                   Type           Power      Damage    Failure   Level
 Apportation              Tloc           78%        N/A       1%          1
 Irradiate                Conj/Tmut      33%        3d24      1%          5
 Iskenderun's Battlesphe  Conj           90%        2d14      1%          5
 Silence                  Hex/Air        16%        N/A       26%         5
 Alistair's Intoxication  Tmut/Pois      18%        N/A       36%         5


Dungeon Overview and Level Annotations

Branches:
Dungeon (1/1)

Altars:
Cheibriados
Dithmenos
Elyvilon
Gozag
Hepliaklqana
Kikubaaqudgha
Makhleb
Nemelex Xobeh
Okawaru
Qazlal
Ru
Sif Muna
Trog
Uskayaw
Vehumet
Wu Jian
Xom
Yredelemnul
Zin
The Shining One
Beogh
Jiyva
Lugonu

Shops:
D *[*!

Annotations:
D exclusion: oklob plant, Agnes


Message History

Okay, then.
You start resting.
Your magical contamination has completely faded away.
You start resting.
You start resting.
Magic restored.
An oklob plant comes into view.
Marking area around an oklob plant as unsafe for travelling.
There is an open door here.
Agnes the Wanderer comes into view.
She is wielding a +3 lajatang of venom.
Which direction?
You close the door.
The oklob plant spits acid at you. The splash of acid hits you!!
The acid corrodes you!
There is an open door here.
You fail to use your ability.
You fail to use your ability.
You fail to use your ability.
You fail to use your ability.
You fail to use your ability.
You fail to use your ability.
You fade into invisibility!
You are very lightly contaminated with residual magic.
Really walk into a travel-excluded area? [Y]es or [N]o only, please.
Really walk into a travel-excluded area?
A spriggan opens the door.
The oklob plant spits acid at you. The splash of acid hits you!
The acid corrodes you!
There is an open door here.
The spriggan shouts!
You hear a shout!
Agnes shouts!
The spriggan hits you with a +0 dagger!
* * * LOW HITPOINT WARNING * * *
Agnes drinks a potion.
Agnes flickers and vanishes!
Deactivating autopickup; reactivate with Ctrl-A.
The oklob plant spits acid at something.
Found a scroll labelled QASKYPSADUOKK and a potion of curing.
A spriggan berserker comes into view. It is wielding a +0 war axe.
The spriggan hits you with a +0 dagger!
You die...

##############################
#.⌠._._._._.⌠.#..')..#....##∩#
'.._._._._._..'..#...#....'()#
#..._._._._...#..###'##...##∩#
#.._._._._._..#."##∩∩.'...####
#._._._._._.⌠.#############
###################..P.!
#♣♣♣♣♣..♣.###.'.)'.....?
......♣..♣##..#.@#.P..
♣..♣♣♣.♣).###.##i# .
.♣♣..♣...♣)...#♣.♣
###############i.. ♣..♣ ....
♣.... #####


You could see an oklob plant, a spriggan berserker and a spriggan.

Vanquished Creatures
  A spriggan druid (D)
  3 oklob plants (D)
  A queen bee (D)
  3 wandering mushrooms (D)
  3 burning bushes (D)
  2 hornets (D)
  3 scorpions (D)
  4 killer bees (D)
  5 oklob saplings (D)
  3 spriggans (D)
  A river rat (D)
  A rat (D)
30 creatures vanquished.

Vanquished Creatures (others)
  2 ballistomycete spores (D)
  A bush (D)
  14 fulminant prisms (D)
  5 fungi (D)
22 creatures vanquished.

Grand Total: 52 creatures vanquished

Notes
Turn   | Place    | Note
-------+----------+-------------------------------------------
     0 | D        | Zeld the Deep Elf Conjurer began the quest for the Orb.
     0 | D        | Reached XP level 1. HP: 10/10 MP: 6/6
    16 | D        | Reached skill level 4 in Spellcasting
    16 | D        | Reached skill level 5 in Conjurations
    16 | D        | Reached skill level 1 in Hexes
    16 | D        | Reached skill level 1 in Translocations
    16 | D        | Reached XP level 2. HP: 11/15 MP: 0/9
    19 | D        | Learned a level 2 spell: Searing Ray
   238 | D        | Noticed a scorpion
   246 | D        | Noticed an oklob sapling
   253 | D        | Killed a scorpion
   254 | D        | Reached skill level 7 in Spellcasting
   254 | D        | Reached XP level 3. HP: 2/19 MP: 0/14
   254 | D        | Reached XP level 4. HP: 3/24 MP: 0/15
   258 | D        | Learned a level 3 spell: Dazzling Flash
   263 | D        | Learned a level 4 spell: Fulminant Prism
   268 | D        | Learned a level 4 spell: Iskenderun's Mystic Blast
   626 | D        | Reached skill level 8 in Spellcasting
   834 | D        | Found the amulet of invisibility {+Inv}
  1083 | D        | Found an opulent altar of Gozag.
  1083 | D        | Found a hazy altar of Hepliaklqana.
  1083 | D        | Found a burning altar of Makhleb.
  1083 | D        | Found a sparkling altar of Nemelex Xobeh.
  1083 | D        | Found a snail-covered altar of Cheibriados.
  1083 | D        | Found a sacrificial altar of Ru.
  1083 | D        | Found a shimmering blue altar of Sif Muna.
  1083 | D        | Found a shimmering altar of Xom.
  1083 | D        | Found a basalt altar of Yredelemnul.
  1084 | D        | Found a viscous altar of Jiyva.
  1084 | D        | Found a bloodstained altar of Trog.
  1084 | D        | Found an ornate altar of the Wu Jian Council.
  1085 | D        | Found an iron altar of Okawaru.
  1085 | D        | Found a shadowy altar of Dithmenos.
  1085 | D        | Found a glowing silver altar of Zin.
  1086 | D        | Found an ancient bone altar of Kikubaaqudgha.
  1086 | D        | Found a hide-covered altar of Uskayaw.
  1087 | D        | Found a stormy altar of Qazlal.
  1087 | D        | Found a glowing golden altar of the Shining One.
  1087 | D        | Found a white marble altar of Elyvilon.
  1088 | D        | Found a radiant altar of Vehumet.
  1088 | D        | Found a corrupted altar of Lugonu.
  1092 | D        | Became a worshipper of Sif Muna the Loreminder
  1436 | D        | Noticed a queen bee
  1440 | D        | Reached * piety under Sif Muna
  1441 | D        | Reached skill level 5 in Stealth
  1441 | D        | Reached skill level 10 in Spellcasting
  1441 | D        | Reached XP level 5. HP: 28/28 MP: 11/19
  1447 | D        | Reached skill level 11 in Spellcasting
  1447 | D        | Reached skill level 10 in Conjurations
  1447 | D        | Reached XP level 6. HP: 32/32 MP: 8/22
  1450 | D        | Killed a queen bee
  1450 | D        | Reached ** piety under Sif Muna
  1451 | D        | Reached skill level 12 in Spellcasting
  1451 | D        | Reached XP level 7. HP: 36/36 MP: 1/25
  1648 | D        | Noticed an oklob plant
  1661 | D        | Killed an oklob plant
  1662 | D        | Reached skill level 15 in Spellcasting
  1910 | D        | Reached XP level 8. HP: 41/41 MP: 19/29
  1964 | D        | Reached *** piety under Sif Muna
  2124 | D        | Found Qefejif's Antique Armour Shop.
  2124 | D        | Found Lepreosa's General Store.
  2334 | D        | Bought a scroll of summoning for 133 gold pieces
  2339 | D        | Noticed a burning bush
  2339 | D        | Noticed a wandering mushroom
  2340 | D        | Noticed a wandering mushroom
  2344 | D        | Killed a wandering mushroom
  2345 | D        | Reached skill level 16 in Spellcasting
  2345 | D        | Killed a wandering mushroom
  2345 | D        | Reached **** piety under Sif Muna
  2349 | D        | Killed a burning bush
  2350 | D        | Reached skill level 17 in Spellcasting
  2414 | D        | Found Saclonuos's Distillery.
  2414 | D        | Found Kecof's General Store.
  2414 | D        | Found the +7 mace of Variability {chain chaos}
  2459 | D        | Noticed a burning bush
  2466 | D        | Killed a burning bush
  2467 | D        | Reached skill level 15 in Conjurations
  2467 | D        | Reached XP level 9. HP: 36/45 MP: 14/32
  2546 | D        | Noticed a burning bush
  2546 | D        | Noticed an oklob plant
  2827 | D        | Killed a burning bush
  2828 | D        | Reached skill level 18 in Spellcasting
  2939 | D        | Noticed a wandering mushroom
  2949 | D        | Killed an oklob plant
  2951 | D        | Killed a wandering mushroom
  2952 | D        | Reached skill level 19 in Spellcasting
  3159 | D        | Noticed a spriggan druid
  3162 | D        | Killed a spriggan druid
  3162 | D        | Reached ***** piety under Sif Muna
  3239 | D        | Noticed a spriggan rider
  3244 | D        | Reached skill level 20 in Spellcasting
  3244 | D        | Reached skill level 5 in Invocations
  3244 | D        | Reached XP level 10. HP: 22/50 MP: 18/36
  3581 | D        | Noticed an oklob plant conjurer
  3587 | D        | Killed an oklob plant conjurer
  3587 | D        | Received a gift from Sif Muna
  3590 | D        | Got Sif Muna's Guide on Lethal Weightlessness {god gift}
  3599 | D        | Learned a level 7 spell: Orb of Destruction
  3651 | D        | Noticed an oklob plant
  3652 | D        | Noticed Agnes
  3665 | D        | Noticed a spriggan berserker
  3665 | D        | Slain by a spriggan

Illustrated notes

Levels and vault maps discovered:
D:        dungeon_sprint_fedhas [sprint_temple]

Skill      XL: |  1  2  3  4  5  6  7  8  9 |
---------------+----------------------------+-----
Spellcasting   | 4 7 10 11 12 15 17 20 | 20.2
Conjurations   | 5 7 9 10 11 13 15 17 | 17.3
Hexes          | 1 2 |  2.0
Translocations | 1 2 |  2.0
Stealth        | 5 6 7 8 |  8.0
Invocations    | 5 |  5.6
Dodging        | |  2.4

Action                   |  1- 3 |  4- 6 |  7- 9 | 10-12 || total
-------------------------+-------+-------+-------+-------++-------
Melee: Unarmed           |     3 |       |     1 |       ||     4
 Cast: Magic Dart        |     7 |       |       |       ||     7
       Searing Ray       |     3 |     1 |    10 |     1 ||    15
       Fulminant Prism   |       |     4 |    10 |       ||    14
       Iskenderun's Myst |       |     3 |    21 |     3 ||    27
 Abil: Evoke Invisibilit |       |     3 |     7 |     2 ||    12
Armor: Robe              |     1 |       |     1 |       ||     2
Dodge: Dodged            |     7 |       |     2 |       ||     9
